 Dungeon Crawl Stone Soup version 0.26.0-15-gc6cd9f700b (webtiles) character file.

Game seed: 926494444166353411

64 EnegeticOcto the Stinger (level 4, -1/32 HPs)
             Began as a Gnoll Venom Mage on Jan 16, 2021.
             Was an Initiate of Cheibriados.
             Slain by an ogre
             ... wielding a cursed -1 giant club
              (18 damage)
             ... on level 3 of the Dungeon.
             The game lasted 00:02:50 (457 turns).

EnegeticOcto the Stinger (Gnoll Venom Mage)          Turns: 457, Time: 00:02:50

Health: -1/32      AC:  3    Str: 12    XL:     4   Next: 12%
Magic:  1/11       EV: 15    Int: 19    God:    Cheibriados [......]
Gold:   87         SH:  0    Dex: 16    Spells: 4/13 levels left

rFire    + . .     SeeInvis .   j - +0 short sword (curse)
rCold    . . .     Faith    .   (no shield)
rNeg     . . .     Spirit   .   a - +0 robe
rPois    .         Reflect  .   n - +0 helmet
rElec    .         Harm     .   (no cloak)
rCorr    .         Rampage  .   (no gloves)
Will     .....                  (no boots)
Stlth    +++.......             (no amulet)
HPRegen  0.10/turn              o - ring of protection from fire
MPRegen  0.12/turn              (no ring)

@: very slow
A: distributed training, fangs 1, strong nose
a: Renounce Religion, Bend Time


You were on level 3 of the Dungeon.
You worshipped Cheibriados.
Cheibriados was noncommittal.
You visited 1 branch of the dungeon, and saw 3 of its levels.

You collected 87 gold pieces.

Inventory:

Hand Weapons
 j - a cursed +0 short sword (weapon)
   (You found it on level 2 of the Dungeon)
Missiles
 e - 7 atropa-tipped darts
Armour
 a - a +0 robe (worn)
 n - a +0 helmet (worn)
   (You found it on level 3 of the Dungeon)
Jewellery
 o - a ring of protection from fire (left hand)
   (You found it on level 3 of the Dungeon)
Wands
 k - a wand of random effects (11)
   (You found it on level 2 of the Dungeon)
Scrolls
 b - 3 scrolls of remove curse {unknown}
 d - 2 scrolls of enchant armour {unknown}
 f - a scroll of magic mapping {unknown}
 h - a scroll of identify {unknown}
 m - a scroll of teleportation {unknown}
Potions
 c - 2 potions of attraction {unknown}
 g - a potion of lignification {unknown}
 i - a potion of mutation {unknown}
 l - a potion of brilliance {unknown}


   Skills:
 + Level 1.0 Fighting
 + Level 1.0 Short Blades
 + Level 1.0 Long Blades
 + Level 1.0 Axes
 + Level 1.0 Maces & Flails
 + Level 1.0 Polearms
 + Level 1.0 Staves
 + Level 1.0 Slings
 + Level 1.0 Bows
 + Level 1.0 Crossbows
 + Level 1.0 Throwing
 + Level 1.0 Armour
 + Level 4.6 Dodging
 + Level 4.2 Stealth
 + Level 1.0 Shields
 + Level 1.0 Unarmed Combat
 + Level 5.0 Spellcasting
 + Level 0.8 Conjurations
 + Level 0.8 Hexes
 + Level 0.8 Summonings
 + Level 0.8 Necromancy
 + Level 0.8 Translocations
 + Level 2.2 Transmutations
 + Level 0.8 Fire Magic
 + Level 0.8 Ice Magic
 + Level 0.8 Air Magic
 + Level 0.8 Earth Magic
 + Level 5.4 Poison Magic
 + Level 1.1 Invocations
 + Level 1.0 Evocations


You had 4 spell levels left.
You knew the following spells:

 Your Spells              Type           Power        Failure   Level
a - Sting                 Tmut/Pois      76%          2%          1
b - Poisonous Vapours     Pois/Air       32%          5%          2
c - Mephitic Cloud        Conj/Pois/Air  13%          14%         3
d - Ignite Poison         Fire/Tmut/Pois 15%          12%         3

Your spell library contained the following spells:

 Spells                   Type           Power        Failure   Level
 Olgreb's Toxic Radiance  Pois           25%          13%         4


Dungeon Overview and Level Annotations

Branches:
Dungeon (3/15)

Altars:
Cheibriados
Vehumet
Zin


Innate Abilities, Weirdness & Mutations

Your experience applies equally to all skills.
You have very sharp teeth.
Your uncanny sense of smell can sniff out nearby items.


Message History

Cheibriados appreciates the change of pace.
The rat bites you.
You hit the rat but do no damage. The rat barely misses you.
You completely miss the rat. Your bite misses the rat. The rat bites you.
Casting: Sting (safe; 2% risk of failure)
Confirm with . or Enter, or press ? or * to list all spells.
Aiming: Sting (safe; 2% risk of failure)
Press: ? - help, Shift-Dir - straight line You miscast Sting.
You are very lightly contaminated with residual magic.
Nothing appears to happen.
The rat twitches its whiskers.
The rat closely misses you. The goblin hits you with a +0 club.
Casting: Sting (safe; 2% risk of failure)
Confirm with . or Enter, or press ? or * to list all spells.
Aiming: Sting (safe; 2% risk of failure)
Press: ? - help, Shift-Dir - straight line, f - goblin
Aim: a goblin, wielding a +0 club (33% to evade)
The sting hits the goblin.
The goblin is poisoned.
The goblin is severely wounded.
The rat bites you.
You hit the goblin but do no damage. You bite the goblin, but do no damage.
The goblin is severely wounded.
You kill the goblin!
Cheibriados appreciates the change of pace.
The rat bites you. The rat misses you.
You hit the rat.
The rat is heavily wounded.
The rat misses you.
You hit the rat.
You kill the rat!
Cheibriados appreciates the change of pace.
You see here a +0 dagger.
Your magical contamination has completely faded away.
You see here a leopard gecko corpse.
m - a scroll labelled JONIHI QIM BOR You now have 79 gold pieces (gained 9).
Found 8 gold pieces.
There is a stone staircase leading down here.
Found a helmet.
Found a robe.
You now have 87 gold pieces (gained 8).
Found a twisted bone ring.
You see here a helmet.
You start putting on your armour.
You continue putting on your helmet. x4
You finish putting on your +0 helmet.
A hobgoblin comes into view. It is wielding a +0 club.
Found a glowing short sword and 22 stones.
Found an escape hatch in the ceiling.
The hobgoblin shouts!
Casting: Sting (safe; 2% risk of failure)
Confirm with . or Enter, or press ? or * to list all spells.
Aiming: Sting (safe; 2% risk of failure)
Press: ? - help, Shift-Dir - straight line, f - hobgoblin
Aim: a hobgoblin, wielding a +0 club (26% to evade)
The sting hits the hobgoblin.
The hobgoblin is poisoned.
The hobgoblin is heavily wounded.
The hobgoblin hits you with a +0 club.
Casting: Sting (safe; 2% risk of failure)
Confirm with . or Enter, or press ? or * to list all spells.
Aiming: Sting (safe; 2% risk of failure)
Press: ? - help, Shift-Dir - straight line, f/p - hobgoblin
Aim: a hobgoblin, wielding a +0 club (severely wounded, poisoned, 26% to evade)
The sting hits the hobgoblin but does no damage.
The hobgoblin looks even sicker.
The hobgoblin is severely wounded.
The hobgoblin barely misses you.
An ogre comes into view. It is wielding a -1 giant club.
The ogre shouts!
The ogre moves out of view.
You see here a twisted bone ring.
o - a ring of protection from fire (left hand)
The hobgoblin barely misses you.
Found 16 gold pieces.
Casting: Sting (safe; 2% risk of failure)
Confirm with . or Enter, or press ? or * to list all spells.
Aiming: Poisonous Vapours (safe; 5% risk of failure)
Press: ? - help, Dir - move target, f - ogre, p - hobgoblin
Aim: an ogre, wielding a -1 giant club Poisonous vapours surround the ogre!
You kill the hobgoblin!
Cheibriados appreciates the change of pace.
The ogre is poisoned.
Casting: Poisonous Vapours (safe; 5% risk of failure)
Confirm with . or Enter, or press ? or * to list all spells.
Aiming: Sting (safe; 2% risk of failure)
Press: ? - help, Shift-Dir - straight line, f/p - ogre
Aim: an ogre, wielding a -1 giant club (poisoned, 12% to evade)
The sting hits the ogre.
The ogre looks even sicker.
The ogre is lightly wounded.
Casting: Sting (safe; 2% risk of failure)
Confirm with . or Enter, or press ? or * to list all spells.
Aiming: Sting (safe; 2% risk of failure)
Press: ? - help, Shift-Dir - straight line, f/p - ogre
Aim: an ogre, wielding a -1 giant club (lightly wounded, very poisoned, 12% to evade)
The sting hits the ogre.
The ogre looks even sicker.
The ogre is moderately wounded.
The ogre hits you with a cursed -1 giant club!!
Ouch! That really hurt!
You die...

..... .... ###### #..#.
.... .....(.. .... .....
........####... $....
..# #.....#.#. ......
#.# #........
......####.#### #<......
..............# ##......
...(..O@......####......
.......).............[..
...).##......##.........
.... #.##...#####......
##.∆ #..###.........>...
# ...## #.............
.... #.........###.
#.###.###.........# ##
..< #.............# #


You could see an ogre (very poisoned).

Vanquished Creatures
  An iguana (D:2)
  An ooze (D:2)
  A worm (D:2)
  5 leopard geckos
  2 ball pythons
  2 giant cockroaches (D:1)
  6 goblins
  3 hobgoblins
  A bat (D:1)
  A frilled lizard (D:1)
  2 rats
25 creatures vanquished.

Notes
Turn   | Place    | Note
-------+----------+-------------------------------------------
     0 | D:1      | EnegeticOcto the Gnoll Venom Mage began the quest for the
                  | Orb.
     0 | D:1      | Reached XP level 1. HP: 13/13 MP: 6/6
    42 | D:1      | Reached skill level 2 in Transmutations
    51 | D:1      | Reached XP level 2. HP: 17/19 MP: 1/7
   171 | D:2      | Found a glowing silver altar of Zin.
   171 | D:2      | Found a radiant altar of Vehumet.
   171 | D:2      | Found a snail-covered altar of Cheibriados.
   177 | D:2      | Became a worshipper of Cheibriados the Contemplative
   247 | D:2      | Learned a level 2 spell: Poisonous Vapours
   289 | D:2      | Reached XP level 3. HP: 14/25 MP: 5/9
   295 | D:2      | Learned a level 3 spell: Mephitic Cloud
   299 | D:2      | Learned a level 3 spell: Ignite Poison
   310 | D:2      | Reached skill level 5 in Spellcasting
   377 | D:2      | Reached skill level 1 in Fighting
   377 | D:2      | Reached skill level 1 in Short Blades
   377 | D:2      | Reached skill level 1 in Long Blades
   377 | D:2      | Reached skill level 1 in Axes
   377 | D:2      | Reached skill level 1 in Maces & Flails
   377 | D:2      | Reached skill level 1 in Polearms
   377 | D:2      | Reached skill level 1 in Staves
   377 | D:2      | Reached skill level 1 in Slings
   377 | D:2      | Reached skill level 1 in Bows
   377 | D:2      | Reached skill level 1 in Crossbows
   377 | D:2      | Reached skill level 1 in Throwing
   377 | D:2      | Reached skill level 1 in Armour
   377 | D:2      | Reached skill level 1 in Shields
   377 | D:2      | Reached skill level 1 in Unarmed Combat
   377 | D:2      | Reached skill level 1 in Invocations
   377 | D:2      | Reached skill level 1 in Evocations
   402 | D:3      | Reached XP level 4. HP: 29/32 MP: 2/11
   452 | D:3      | Noticed an ogre
   457 | D:3      | Slain by an ogre

Illustrated notes

Levels and vault maps discovered:
D:1:      matt_arrival_grand_opening, layout_loops_ring
D:2:      layout_loops_ring, gammafunk_temple_overflow_forgotten,
          chequers_ecumenical_altar_simple_redux, minmay_door_square
D:3:      layout_rooms, general_overflow_altar, nicolae_tso_carved_into_rock,
          uniq_sigmund

Skill      XL: |  1  2  3 |
---------------+----------+-----
Transmutations | 2 |  2.2
Spellcasting   | 5 |  5.0
Fighting       | 1 |  1.0
Short Blades   | 1 |  1.0
Long Blades    | 1 |  1.0
Axes           | 1 |  1.0
Maces & Flails | 1 |  1.0
Polearms       | 1 |  1.0
Staves         | 1 |  1.0
Slings         | 1 |  1.0
Bows           | 1 |  1.0
Crossbows      | 1 |  1.0
Throwing       | 1 |  1.0
Armour         | 1 |  1.0
Shields        | 1 |  1.0
Unarmed Combat | 1 |  1.0
Invocations    | 1 |  1.1
Evocations     | 1 |  1.0
Dodging        | |  4.6
Stealth        | |  4.2
Conjurations   | |  0.8
Hexes          | |  0.8
Summonings     | |  0.8
Necromancy     | |  0.8
Translocations | |  0.8
Fire Magic     | |  0.8
Ice Magic      | |  0.8
Air Magic      | |  0.8
Earth Magic    | |  0.8
Poison Magic   | |  5.4

Action                   |  1- 3 |  4- 6 || total
-------------------------+-------+-------++-------
Melee: Unarmed           |    11 |       ||    11
       Short sword       |     1 |     7 ||     8
       Bite              |       |     2 ||     2
 Cast: Sting             |    33 |     6 ||    39
       Poisonous Vapours |     3 |     1 ||     4
Armor: Robe              |     1 |       ||     1
Dodge: Dodged            |    20 |     8 ||    28
